 Dungeon Crawl Stone Soup version 0.29.1-12-g30fa7ad0bf (webtiles) character file.

Game seed: 6990515799721168145

84 FexLirch the Firebug (level 4, -1/33 HPs)
             Began as a Demigod Fire Elementalist on Jan 11, 2023.
             Slain by an orc priest
             ... wielding a +0 hand axe
              (2 damage)
             ... on level 3 of the Dungeon.
             The game lasted 00:04:50 (3075 turns).

FexLirch the Firebug (Demigod Fire Elementalist)    Turns: 3075, Time: 00:04:51

Health: -1/33      AC:  4    Str:  9    XL:     4   Next: 4%
Magic:  0/10       EV: 12    Int: 21    God:
Gold:   238        SH:  0    Dex: 14    Spells: 2/8 levels left

rFire   . . .      SeeInvis +   j - +0 short sword
rCold   . . .      Faith    .   (no shield)
rNeg    . . .      Spirit   .   a - +0 robe
rPois   .          Reflect  .   c - +1 helmet
rElec   .          Harm     .   (no cloak)
rCorr   .          Rampage  .   (no gloves)
Will    .....                   (no boots)
Stlth   ++........              (no amulet)
HPRegen 0.11/turn               d - ring of see invisible
MPRegen 0.12/turn               (no ring)

@: hasted, very quick
A: high MP 1, forlorn, divine attributes
a: no special abilities


You were on level 3 of the Dungeon.
You visited 1 branch of the dungeon, and saw 3 of its levels.

You collected 238 gold pieces.

Inventory:

Hand Weapons
 j - a +0 short sword (weapon)
Armour
 a - a +0 robe (worn)
 c - a +1 helmet (worn)
Magical Staves
 k - a staff of poison
Jewellery
 d - a ring of see invisible (left hand)
Scrolls
 e - a scroll of magic mapping {unknown}
 f - a scroll of enchant armour
 g - a scroll of teleportation {unknown}
 h - a scroll of butterflies {unknown}
 i - a scroll of identify
 m - a scroll of noise {unknown}
Potions
 b - 2 potions of magic
 n - a potion of attraction {unknown}
 o - a potion of flight {unknown}


   Skills:
 - Level 1.7 Dodging
 - Level 1.7 Stealth
 + Level 2.6 Spellcasting
 + Level 2.1 Conjurations
 + Level 3.4 Fire Magic


You had 2 spell levels left.
You knew the following spells:

 Your Spells              Type           Power      Damage    Failure   Level
a - Foxfire               Conj/Fire      56%        2x1d6     4%          1
b - Scorch                Fire           34%        2d6       4%          2
c - Conjure Flame         Conj/Fire      14%        6-21      13%         3

Your spell library contained the following spells:

 Spells                   Type           Power      Damage    Failure   Level
 Inner Flame              Hex/Fire       10%        N/A       21%         3
 Flame Wave               Conj/Fire      14%        2d6       41%         4


Dungeon Overview and Level Annotations

Branches:
Dungeon (3/15)

Annotations:
D:2 1 runed translucent door, Crazy Yiuf


Innate Abilities, Weirdness & Mutations

You have an increased reservoir of magic. (+10% MP)
You shall have no god before yourself.
Your divine heritage dramatically boosts your attributes as you level up.


Message History

Nothing appears to happen.
The orc barely misses you.
Casting: Scorch (safe; 4% risk of failure)
Confirm with . or Enter, or press ? or * to list all spells.
Flames lash the orc.
You kill the orc!
The orc hits you with a +0 flail.
Unknown command.
As you read the scroll labelled PAFAODDA QEIX, it crumbles to dust.
It is a scroll of identify.
f - a scroll of enchant armour The orc barely misses you.
As you read the scroll of identify, it crumbles to dust.
l - a potion of haste The orc hits you with a +0 flail.
The orc priest mumbles some strange prayers to Beogh against you.
Beogh smites you!
* * * LOW HITPOINT WARNING * * *
Okay, then.
Unknown command.
Okay, then.
Unknown command.
Casting: Scorch (safe; 4% risk of failure)
Confirm with . or Enter, or press ? or * to list all spells.
Flames lash the orc.
The orc is heavily wounded.
The orc's fire resistance burns away.
The orc hits you with a +0 flail.
* * * LOW HITPOINT WARNING * * *
Your magical contamination has completely faded away.
Casting: Scorch (safe; 4% risk of failure)
Confirm with . or Enter, or press ? or * to list all spells.
You conjure some foxfire!
The foxfire hits the orc.
The orc is burned terribly!
The orc is almost dead.
The foxfire hits the orc but does no damage.
The orc is almost dead.
You feel yourself speed up.
The orc is no longer more vulnerable to fire.
The orc hits you with a +0 flail!
* * * LOW HITPOINT WARNING * * *
The orc priest hits you with a +0 hand axe.
You die...

...###......#
#.........# ####
#......# #.........#
#......# #.........#
#......# #.........# #
#......####.........# #
#...................# #
#....................# #
#...........########.# #
#..........@# .#
#.........oo#
######.........#
#..............#
#.#.#..........#
###.#............#
....#.##.........#####.#
#####............)..o.o.
#.##################


You could see an orc priest and an orc.

Vanquished Creatures
  2 adders (D:2)
  A worm (D:2)
  2 dart slugs (D:1)
  3 orcs (D:3)
  3 bats
  4 endoplasms
  2 giant cockroaches
  8 goblins
  4 hobgoblins
  7 kobolds
  7 quokkas
  3 ball pythons
  2 frilled lizards (D:1)
  2 rats (D:1)
50 creatures vanquished.

Vanquished Creatures (others)
  101 foxfires
101 creatures vanquished.

Grand Total: 151 creatures vanquished

Notes
Turn   | Place    | Note
-------+----------+-------------------------------------------
     0 | D:1      | FexLirch the Demigod Fire Elementalist began the quest for
                  | the Orb.
     0 | D:1      | Reached XP level 1. HP: 14/14 MP: 5/5
    30 | D:1      | Reached skill level 1 in Conjurations
   644 | D:1      | Reached XP level 2. HP: 20/20 MP: 4/7
   647 | D:1      | Learned a level 2 spell: Scorch
   919 | D:1      | Reached skill level 3 in Fire Magic
  1687 | D:2      | Reached XP level 3. HP: 26/26 MP: 0/9
  1696 | D:2      | Learned a level 3 spell: Conjure Flame
  2092 | D:2      | Found a runed translucent door.
  2093 | D:2      | Noticed Crazy Yiuf
  3057 | D:3      | Reached XP level 4. HP: 33/33 MP: 7/10
  3075 | D:3      | HP: 1/33 [orc/+0 flail (7)]
  3075 | D:3      | Slain by an orc priest

Illustrated notes

Levels and vault maps discovered:
D:1:      dpeg_arrival_yet_another_circle, layout_basic, amethyst_killhole,
          dk_noncrumbling_2, feat_on_display
D:2:      layout_rooms, hellmonk_ecumenical_altar_slurped_away, st_stairs_8,
          uniq_crazy_yiuf_cottage
D:3:      layout_basic, tso_altar, amcnicky_altar_gilded,
          ashenzari_conservatory_becter, minitemple

Skill      XL: |  1  2  3 |
---------------+----------+-----
Conjurations   | 1 2 |  2.1
Spellcasting   | 2 |  2.6
Fire Magic     | 3 |  3.4
Dodging        | |  1.7
Stealth        | |  1.7

Action                   |  1- 3 |  4- 6 || total
-------------------------+-------+-------++-------
Melee: Unarmed           |    19 |       ||    19
       Dagger            |     6 |       ||     6
       Short sword       |     3 |     1 ||     4
 Cast: Foxfire           |    61 |     2 ||    63
       Scorch            |    19 |     2 ||    21
  Use: Scroll            |       |     2 ||     2
       Potion            |       |     1 ||     1
Armor: Robe              |    11 |     2 ||    13
Dodge: Dodged            |    27 |     2 ||    29
